 Dungeon Crawl Stone Soup version 0.29.1-1-gd02db6906a (webtiles) character file.

Game seed: 8513296952662712935

8262 masschaos23 the Severer (level 11, -2/100 HPs)
             Began as a Hill Orc Fighter on Sept 18, 2022.
             Was a Priest of Beogh.
             Slain by a nine-headed hydra (6 damage)
             ... on level 10 of the Dungeon.
             The game lasted 00:25:56 (8035 turns).

masschaos23 the Severer (Hill Orc Fighter)          Turns: 8035, Time: 00:25:57

Health: -2/100     AC: 15    Str: 22    XL:     11   Next: 28%
Magic:  11/11      EV: 10    Int:  8    God:    Beogh [***...]
Gold:   420        SH:  8    Dex: 12    Spells: 10/10 levels left

rFire   . . .      SeeInvis .   s - +7 captain's cutlass {speed, disarm}
rCold   . . .      Faith    .   M - +3 buckler {AC+3}
rNeg    + . .      Spirit   .   v - +3 scale mail {rN+}
rPois   .          Reflect  .   (no helmet)
rElec   .          Harm     +   y - scarf {harm}
rCorr   .          Rampage  .   (no gloves)
Will    .....                   J - +0 pair of boots
Stlth   ..........              f - amulet of regeneration
HPRegen 1.06/turn               n - ring of flight
MPRegen 0.12/turn               (no ring)

@: flying
A: no striking features
a: Renounce Religion, Smiting


You were on level 10 of the Dungeon.
You worshipped Beogh.
Beogh was most pleased with you.
You visited 1 branch of the dungeon, and saw 10 of its levels.

You collected 651 gold pieces.
You spent 231 gold pieces at shops.

Inventory:

Hand Weapons
 a - a +0 war axe
 b - a +2 great mace of venom
 c - a +1 spear
 k - the +8 demon trident "Rift" {distort, reach+}
   (You found it on level 8 of the Dungeon)

   It warps and distorts space around it, and may blink, banish, or inflict
   extra damage upon those it strikes.
   Unwielding it can cause banishment or high damage.
   It can reach especially far, and its reaching attacks ignore other creatures
   in the way.
 s - the +7 captain's cutlass (weapon) {speed, disarm}
   (You found it on level 3 of the Dungeon)

   Attacks with this weapon are significantly faster.
   It may disarm weapon-wielding foes when striking them, dealing extra damage
   in the process.
Missiles
 r - 21 poisoned darts
 t - 8 boomerangs
 D - 4 javelins
 H - 7 throwing nets
Armour
 e - an orb of energy
 o - the +1 robe of Apathy {rElec rF++ Int-4 Archmagi}
   (You found it on level 2 of the Dungeon)

   Int:       It affects your intelligence (-4).
   rF:        It greatly protects you from fire.
   rElec:     It insulates you from electricity.
   Archmagi:  It increases the power of your magical spells.
 v - a +3 scale mail of positive energy (worn)
 y - a scarf of harm (worn)
 J - a +0 pair of boots (worn)
 M - a +3 buckler of protection (worn)
Magical Staves
 E - a staff of cold
Jewellery
 f - an amulet of regeneration (around neck)
 n - a ring of flight (left hand)
 I - a ring of ice
Wands
 C - a wand of flame (13) (quivered)
 F - a wand of light (8)
 G - a wand of mindburst (11)
 K - a wand of digging (5)
 L - a wand of roots (9)
Scrolls
 i - 3 scrolls of vulnerability
 m - a scroll of poison {unknown}
 w - 3 scrolls of teleportation
Potions
 d - 4 potions of might
 g - 8 potions of curing
 h - 3 potions of lignification
 j - a potion of mutation {unknown}
 l - a potion of attraction
 p - 5 potions of heal wounds
 u - 3 potions of cancellation
 x - 4 potions of brilliance
 z - 2 potions of degeneration
 A - a potion of flight
 B - 2 potions of haste
Miscellaneous
 q - a phantom mirror


   Skills:
 + Level 10.2 Fighting
 + Level 1.0 Short Blades
 + Level 15.0 Axes
 + Level 1.0 Throwing
 + Level 8.5 Armour
 - Level 1.1 Dodging
 + Level 1.1 Stealth
 + Level 7.4 Shields


You had 10 spell levels left.
You didn't know any spells.
Your spell library contained the following spells:

 Spells                   Type           Power      Damage    Failure   Level
 Sting                    Tmut/Pois      0%         1d3       77%         1
 Ensorcelled Hibernation  Hex/Ice        0%         N/A       88%         2
 Poisonous Vapours        Pois/Air       0%         N/A       88%         2
 Call Canine Familiar     Summ           0%         N/A       98%         3
 Frozen Ramparts          Ice            0%         1d1       98%         3
 Gell's Gravitas          Tloc           0%         N/A       98%         3
 Lesser Beckoning         Tloc           0%         N/A       98%         3
 Portal Projectile        Hex/Tloc       0%         N/A       98%         3
 Teleport Other           Tloc           0%         N/A       98%         3
 Tukima's Dance           Hex            0%         N/A       98%         3
 Leda's Liquefaction      Hex/Erth       0%         N/A       100%        4
 Olgreb's Toxic Radiance  Pois           0%         N/A       100%        4
 Discord                  Hex            0%         N/A       100%        8


Dungeon Overview and Level Annotations

Branches:
Dungeon (10/15)            Temple (0/1) D:4             Orc (0/2) D:9
   Lair: D:8-11

Altars:
Cheibriados
Dithmenos
Elyvilon
Ru
Wu Jian
Yredelemnul

Shops:
D:3 (   D:7 [   D:9 [(

Portals:
Abyss: D:8


Message History

You block the seven-headed hydra's attack.
The seven-headed hydra bites you!
You block the seven-headed hydra's attack.
The centaur warrior wields a +0 longbow.
The centaur warrior shoots an arrow.
You block the arrow.
The seven-headed hydra bites you but does no damage.
The seven-headed hydra closely misses you.
The seven-headed hydra bites you!
The seven-headed hydra bites you but does no damage.
The seven-headed hydra barely misses you.
You block the seven-headed hydra's attack.
The seven-headed hydra bites you.
* * * LOW HITPOINT WARNING * * *
You lop one of the seven-headed hydra's heads off!
The six-headed hydra grows two more!
You slice the eight-headed hydra!!
The eight-headed hydra is heavily wounded.
Unknown command.
You hack one of the eight-headed hydra's heads off!
The seven-headed hydra grows two more!
You slash the nine-headed hydra!
The nine-headed hydra is heavily wounded.
The nine-headed hydra bites you but does no damage.
You block the nine-headed hydra's attack.
The nine-headed hydra bites you but does no damage.
The nine-headed hydra misses you. The nine-headed hydra bites you.
* * * LOW HITPOINT WARNING * * *
The nine-headed hydra bites you!
* * * LOW HITPOINT WARNING * * *
The nine-headed hydra bites you but does no damage.
The nine-headed hydra bites you.
* * * LOW HITPOINT WARNING * * *
The nine-headed hydra barely misses you.
Your hands tingle!
s - the +7 captain's cutlass (weapon)
{speed, disarm} The nine-headed hydra barely misses you.
You block the nine-headed hydra's attack. x2
The nine-headed hydra bites you.
* * * LOW HITPOINT WARNING * * *
The nine-headed hydra closely misses you.
The nine-headed hydra bites you.
You die...

###...## ######'###
######..# #........###
.........#####........'.#
.#######..##.+........#..
#..#..#........##.
#....##........##.
#..####........##. #.##
#........### #@#
#........# ###'###D#
###..##### ......{c#
###.##...# ##...# #######
...... ##.....##
#.########..._...# #.#
#.#..8...8..
[.#####.#....#....


You could see a nine-headed hydra and a centaur warrior.

Vanquished Creatures
  Harold (D:10)
  The ghost of LynnLen the Eclecticist, a novice SpCj of Ashenzari (D:8)
  A wizard (D:8)
  A toenail golem (D:8)
  A hornet (D:8)
  A steam dragon (D:7)
  6 yaks (D:10)
  2 small abominations (D:8)
  Grum (D:8)
  Duvessa (D:7)
  An acid dragon (D:10)
  4 orc warriors
  2 black bears
  2 sky beasts
  6 centaurs
  2 wolves (D:8)
  5 phantoms
  3 kobold brigands
  2 bullfrogs (D:7)
  3 scorpions
  Dowan (D:7)
  A water moccasin skeleton (D:4)
  17 killer bees (D:9)
  2 howler monkeys
  4 hounds
  2 jellies (D:6)
  4 orc priests
  3 gnoll boudas
  2 scorpion zombies (D:4)
  2 iguanas (D:5)
  10 orc wizards
  4 hound zombies (D:4)
  3 hound skeletons (D:4)
  12 gnolls
  8 adders
  3 white imps
  An ufetubus (D:6)
  2 adder skeletons (D:4)
  7 adder zombies (D:4)
  3 worms
  2 dart slugs
  39 orcs
  6 ball pythons
  13 bats
  10 endoplasms
  A giant cockroach (D:1)
  12 goblins
  14 hobgoblins
  12 jackals
  2 quokkas
  6 frilled lizards
  14 kobolds
  5 rats
  3 bushes (D:1)
276 creatures vanquished.

Vanquished Creatures (collateral kills)
  3 orc warriors (D:9)
  A killer bee (D:9)
  An orc priest (D:9)
  2 orcs (D:9)
7 creatures vanquished.

Vanquished Creatures (others)
  An orc warrior (D:9)
  A white imp (D:5)
  2 orcs
  3 fungi (D:2)
  21 plants
  A withered plant (D:4)
29 creatures vanquished.

Grand Total: 312 creatures vanquished

Notes
Turn   | Place    | Note
-------+----------+-------------------------------------------
     0 | D:1      | masschaos23 the Hill Orc Fighter began the quest for the
                  | Orb.
     0 | D:1      | Reached XP level 1. HP: 19/19 MP: 1/1
   373 | D:1      | Reached skill level 3 in Axes
   373 | D:1      | Reached XP level 2. HP: 20/27 MP: 2/2
   595 | D:1      | Reached XP level 3. HP: 33/33 MP: 3/3
  1589 | D:2      | Identified the +1 robe of Apathy {rElec rF++ Int-4
                  | Archmagi}
  1735 | D:2      | Reached XP level 4. HP: 35/40 MP: 4/4
  1772 | D:2      | Reached skill level 4 in Axes
  2184 | D:3      | Found the +7 captain's cutlass {speed, disarm}
  2184 | D:3      | Found Ziebiydo's Weapon Shop.
  2288 | D:3      | Reached XP level 5. HP: 44/46 MP: 5/5
  2771 | D:3      | Reached skill level 1 in Dodging
  2913 | D:4      | Noticed a phantom
  2927 | D:4      | Killed a phantom
  2928 | D:4      | Reached skill level 1 in Short Blades
  2928 | D:4      | Reached skill level 5 in Axes
  2928 | D:4      | Reached XP level 6. HP: 52/53 MP: 6/6
  3075 | D:4      | Reached skill level 6 in Axes
  3129 | D:4      | Reached skill level 5 in Fighting
  3197 | D:4      | Reached XP level 7. HP: 60/61 MP: 7/7
  3216 | D:4      | Reached skill level 7 in Axes
  3293 | D:4      | Found a staircase to the Ecumenical Temple.
  3312 | D:4      | Reached skill level 8 in Axes
  3312 | D:4      | Reached skill level 5 in Armour
  3717 | D:5      | Entered Level 5 of the Dungeon
  3747 | D:5      | Reached XP level 8. HP: 51/69 MP: 8/8
  3754 | D:5      | Became a worshipper of Beogh the Brigand
  3762 | D:5      | Reached skill level 9 in Axes
  3877 | D:5      | Reached skill level 10 in Axes
  4022 | D:5      | Reached skill level 5 in Shields
  4122 | D:5      | Reached * piety under Beogh
  4531 | D:6      | Reached XP level 9. HP: 69/78 MP: 9/9
  4623 | D:6      | Reached skill level 11 in Axes
  4689 | D:6      | Got the Incunabulum of Algid Malediction
  5357 | D:7      | Reached ** piety under Beogh
  5386 | D:7      | Found Xunar's Armour Emporium.
  5457 | D:7      | Noticed Dowan
  5458 | D:7      | Noticed Duvessa
  5478 | D:7      | Killed Dowan
  5479 | D:7      | Reached skill level 12 in Axes
  5484 | D:7      | Killed Duvessa
  5547 | D:7      | Bought a +1 buckler of protection for 231 gold pieces
  5970 | D:8      | Noticed Grum
  5984 | D:8      | Killed Grum
  6110 | D:8      | Reached XP level 10. HP: 28/88 MP: 10/10
  6119 | D:8      | Reached skill level 13 in Axes
  6345 | D:8      | Found a transporter.
  6351 | D:8      | Noticed a toenail golem
  6407 | D:8      | Paralysed by a hornet for 2 turns
  6417 | D:8      | Reached skill level 1 in Throwing
  6542 | D:8      | Found the +8 demon trident "Rift" {distort, reach+}
  6574 | D:8      | Noticed a wizard
  6581 | D:8      | Found a transporter.
  6581 | D:8      | Found a one-way gate to the infinite horrors of the Abyss.
  6883 | D:8      | Noticed LynnLen's ghost (novice SpCj)
  6975 | D:8      | Killed a wizard
  6982 | D:8      | Killed a toenail golem
  7037 | D:8      | Killed LynnLen's ghost
  7038 | D:8      | Reached skill level 14 in Axes
  7038 | D:8      | Reached skill level 1 in Stealth
  7114 | D:9      | Reached *** piety under Beogh
  7222 | D:9      | Found Vudid's Armour Shop.
  7225 | D:9      | Found a staircase to the Orcish Mines.
  7227 | D:9      | Found Deevaih's Weapon Shop.
  7531 | D:9      | Reached XP level 11. HP: 97/97 MP: 11/11
  7686 | D:10     | Entered Level 10 of the Dungeon
  7686 | D:10     | Noticed Harold
  7704 | D:10     | Killed Harold
  7796 | D:10     | Reached skill level 10 in Fighting
  7809 | D:10     | Reached skill level 15 in Axes
  7843 | D:10     | Found a shadowy altar of Dithmenos.
  7848 | D:10     | Found a white marble altar of Elyvilon.
  7853 | D:10     | Found an ornate altar of the Wu Jian Council.
  7857 | D:10     | Found a snail-covered altar of Cheibriados.
  7862 | D:10     | Found a sacrificial altar of Ru.
  7870 | D:10     | Found a basalt altar of Yredelemnul.
  7880 | D:10     | Noticed a tengu warrior
  8022 | D:10     | Noticed a four-headed hydra
  8025 | D:10     | Noticed a centaur warrior
  8035 | D:10     | HP: 4/100 [nine-headed hydra (4)]
  8035 | D:10     | Slain by a nine-headed hydra

Illustrated notes

Levels and vault maps discovered:
D:1:      spicycebolla_arrival_ecumenical, layout_basic, interstate_on_off,
          minmay_hedge_maze
D:2:      layout_loops_cross, dreamdust_mushroom_princess,
          guppyfry_early_lair_pool
D:3:      layout_basic, serial_shops,
          nicolae_shop_temple_entry_statues_fountains
D:4:      layout_rooms, minmay_temple_entry_mist, serial_undead,
          serial_undead_d, serial_undead_f, serial_undead_d, serial_undead_a,
          serial_undead_e, serial_undead_d, serial_undead_d, serial_undead_e,
          chequers_jeans, minmay_misc_feat_ornament
D:5:      layout_cave_pools, lexackson_kobold_supper
D:6:      layout_gridville
D:7:      layout_cave_pools, serial_shops, shop_statue, uniq_duvessa
D:8:      layout_loops_ring, gammafunk_ghost_abyssal_escape, uniq_grum
D:9:      layout_rooms, orc_david_3, kennysheep_flooded_box
D:10:     layout_roguey, nicolae_overflow_hallway_of_the_gods,
          minmay_shattered_shrine, uniq_harold

Skill      XL: |  1  2  3  4  5  6  7  8  9 10 11 |
---------------+----------------------------------+-----
Axes           | 3 4 5 6 8 10 12 14 15 | 15.0
Fighting       | 4 5 6 7 9 10 | 10.2
Armour         | 4 5 6 7 8 |  8.5
Dodging        | 1 |  1.1
Short Blades   | 1 |  1.0
Shields        | 4 5 7 |  7.4
Throwing       | 1 |  1.0
Stealth        | 1 |  1.1

Action                   |  1- 3 |  4- 6 |  7- 9 | 10-12 || total
-------------------------+-------+-------+-------+-------++-------
Melee: War axe           |   358 |   177 |   354 |   267 ||  1156
       Cutlass           |       |    20 |       |       ||    20
Throw: Dart              |       |       |     7 |       ||     7
Invok: Convert to Beogh  |       |       |     1 |       ||     1
Evoke: Wand              |       |       |       |     3 ||     3
  Use: Scroll            |       |       |       |    18 ||    18
       Potion            |       |       |       |     3 ||     3
 Stab: Invisible         |       |       |       |     1 ||     1
Armor: Scale mail        |    81 |   112 |   215 |   126 ||   534
Dodge: Dodged            |    78 |    95 |   162 |   117 ||   452
Block: Buckler           |    32 |    35 |    87 |   108 ||   262
